 Dungeon Crawl Stone Soup version 0.22.1-1-ga44c0e56f4 (webtiles) character file.

76 Naru the Slasher (level 4, -7/40 HPs)
             Began as a Hill Orc Monk on Nov 6, 2018.
             Mangled by a gnoll
             ... wielding a +0 halberd
              (15 damage)
             ... on level 1 of the Dungeon.
             The game lasted 00:04:14 (1310 turns).

Naru the Slasher (Hill Orc Monk)                    Turns: 1310, Time: 00:04:15

Health: -7/40      AC:  4    Str: 14    XL:     4   Next: 32%
Magic:  4/4        EV:  9    Int: 10    God:
Gold:   74         SH:  8    Dex: 13    Spells: 3/3 levels left

rFire    . . .     SeeInvis .   a - +0 falchion
rCold    . . .     Gourm    .   i - +1 shield
rNeg     . . .     Faith    .   h - +0 troll leather armour
rPois    .         Spirit   .   (no helmet)
rElec    .         Reflect  .   (no cloak)
rCorr    .         Harm     .   (no gloves)
MR       .....     Rnd*Tele +   (no boots)
Stlth    ++........             (no amulet)
HPRegen  0.53/turn              e - ring of flight
MPRegen  0.09/turn              k - ring of teleportation (curse)

@: no status effects
A: no striking features
a: Evoke Flight


You were on level 1 of the Dungeon.
You were not hungry.

You visited 1 branch of the dungeon, and saw 2 of its levels.

You collected 74 gold pieces.

Inventory:

Hand Weapons
 a - a +0 falchion (weapon)
 b - a +0 hunting sling
Missiles
 o - 19 stones (quivered)
Armour
 h - a +0 troll leather armour (worn)
 i - a +1 shield (worn)
 p - a +0 chain mail
Jewellery
 e - a ring of flight (left hand)
 k - a cursed ring of teleportation (right hand)
Potions
 d - 3 potions of degeneration
 j - a potion of flight {unknown}
Comestibles
 c - 5 rations
 f - 3 chunks of flesh


   Skills:
 * Level 4.3 Fighting
 * Level 4.4 Long Blades
 + Level 0.9 Armour
 + Level 2.7 Dodging
 - Level 1.5 Stealth
 + Level 0.5 Shields


You had 3 spell levels left.
You didn't know any spells.
Your spell library was empty.

Dungeon Overview and Level Annotations

Branches:
Dungeon (2/15)

Altars:
Ru


Message History

Things that are here:
a spear; a frilled lizard skeleton The goblin throws a stone.
You block the stone.
You see here a stone.
The gnoll closely misses you.
You barely miss the gnoll. You block the gnoll's attack.
You hit the gnoll.
The gnoll is lightly wounded.
The gnoll barely misses you.
You hit the gnoll.
The gnoll is severely wounded.
You block the gnoll's attack.
Your shield and troll leather armour prevent you from hitting the gnoll.
The gnoll is severely wounded.
The gnoll hits you with a halberd.
* * * LOW HITPOINT WARNING * * *
You hit the gnoll.
The gnoll is severely wounded.
The gnoll hits you with a halberd!
You die...

#######.#.# #.# #
........#.#######.###############
#########.##).......).......[....
#.##>####.####..##.#..... #.##)#
#.# #..##.#####. #########.##g#
#.####..#...# #. ........#.##.#
#...........# #.
####......##.#########..#...# #.
#.##.###...gg@..# #..##### #.
#.##.# #.(#####.# #..# #. #.##.#
#..# ##.###..# #. #.##.#
#..####...##..##### #. #.##.#
#.................# #. #.##.#
#.#####...#######.# #.
#.##.###.######.## #.# #.
#.##..........[.# ##.####.
#.###.#########.# ##...##..


You could see a gnoll and a goblin.

Vanquished Creatures
  2 gnolls (D:1)
  2 adders (D:2)
  A worm (D:2)
  A leopard gecko (D:2)
  A ball python (D:1)
  5 bats
  A giant cockroach (D:1)
  3 goblins (D:1)
  5 hobgoblins
  6 jackals
  3 frilled lizards
  4 kobolds
  2 rats (D:1)
36 creatures vanquished.

Notes
Turn   | Place    | Note
-------+----------+-------------------------------------------
     0 | D:1      | Naru the Hill Orc Monk began the quest for the Orb.
     0 | D:1      | Reached XP level 1. HP: 19/19 MP: 1/1
   134 | D:1      | Reached XP level 2. HP: 20/27 MP: 2/2
   744 | D:2      | Reached XP level 3. HP: 31/33 MP: 3/3
   902 | D:2      | Found a sacrificial altar of Ru.
  1250 | D:1      | Reached XP level 4. HP: 26/40 MP: 4/4
  1285 | D:1      | HP: 1/40 [gnoll/spear (3)]
  1310 | D:1      | Mangled by a gnoll

Skill      XL: |  1  2 |
---------------+-------+-----
Fighting       | 4 |  4.3
Long Blades    | 4 |  4.4
Armour         | |  0.9
Dodging        | |  2.7
Stealth        | |  1.5
Shields        | |  0.5

Action                   |  1- 3 |  4- 6 || total
-------------------------+-------+-------++-------
Melee: Falchion          |   141 |    26 ||   167
 Fire: Hunting sling     |     9 |       ||     9
  Use: Scroll            |     3 |       ||     3
       Potion            |       |     1 ||     1
 Stab: Sleeping          |     2 |       ||     2
  Eat: Chunk             |     1 |     1 ||     2
Armor: Robe              |     4 |       ||     4
       Troll leather arm |    38 |     3 ||    41
Dodge: Dodged            |    66 |    27 ||    93
Block: Shield            |    68 |    19 ||    87
       Rpst.: Falchion   |    21 |    10 ||    31
